Unix NetHack Version 5.0.0-0 post-release - last build Jun 10 2026 00:39:30 (3ee93aec679c4c4259841fe613dc97188e26a321,branch:main).

Game began 2026-06-10 17:25:31, ended 2026-06-10 17:38:43.

ARFwashere, lawful male dwarven Archeologist

                                                                    #
   --------                        $ #########0         -----      -|----
   |......|                          #-----------       |..>-###   |....|
   |(.....|     -------------        #-..........#######....|  ####|....|
   |......|     |...........|        #|.........|  #    |...|     #.....|
   |.......#####............|        #|.........|  #    --.--      |....|
   |......|     |............#########-.--------- ##      #        ---|--
   |......|     |...........|        #####        #       #           #
   ---.---- $   |........*..|           ##      ###   $   #  $
      #         --------+----   $     $ ##                #
      #                 #         $     ##               ######
      ##                #               ##                #   ######
 ------|-          *    #             # ###             --.--------.--
 |@dd...|              -.---- $    ---.-# ##         ###+....[.......|
 |dd..+f|              |.)..|      |{..|#  #######  ##  |............|
 |......|            $ |{...| #####-....#   --.--####   |............|
 |+.....|      $$      |.....##    |...|    |...|##     |.....{......|
 --------      $$      ------      |...|    |.{.-#######-............|
                                   -----    |...|       --------------
                                *           -----  *

ARFwashere the Field Worker  St:13 Dx:8 Co:13 In:16 Wi:16 Ch:10  Lawful
Dlvl:2  $:49 HP:0(32) Pw:12(12) AC:10 Xp:4 T:2263 

Latest messages:
 You find you must drop your whip!
 Use the command #monster to summon help.
 The jackal bites!
 The jackal bites!
 The jackal bites!
 The jackal misses!
 The werejackal bites!
 The jackal just misses!
 The jackal bites!
 The jackal bites!
 The jackal bites!
 You return to dwarven form!
 Your movements are now unencumbered.
 The werejackal bites!
 What do you want to read? [iz or ?*] ?
 You read the scroll.
 The scroll erupts in a tower of flame!
 Boom!
 The jackal is caught in the tower of flame!
 You kill the jackal!
 The jackal is caught in the tower of flame!
 You kill the jackal!
 The jackal is caught in the tower of flame!
 The werejackal is caught in the tower of flame!
 The werejackal resists the tower of flame!
 The jackal is caught in the tower of flame!
 The jackal bites!
 The jackal bites!
 The werejackal bites!
 There is an altar to Quetzalcoatl (lawful) here.
 You see here a jackal corpse.
 The jackal bites!
 There is a jackal corpse here; sacrifice it? [ynq] (n) y
 Your sacrifice is consumed in a flash of light!
 A morning star named Trollsbane appears at your feet!
 The voice of Quetzalcoatl rings out: "Use my gift wisely!"
 The jackal bites!
 The jackal bites!
 The jackal bites!
 Are you sure you want to pray? [yn] (n) y
 You begin praying to Quetzalcoatl.
 The jackal bites!
 The jackal bites!
 The jackal bites!
 You die...
 Do you want your possessions identified? [ynq] (y) y
 Do you want to see your attributes? [ynq] (y) y
 Do you want an account of creatures vanquished? [ynaq] (y) n
 Do you want to see your conduct and achievements? [ynq] (y) n
 Do you want to see the dungeon overview? [ynq] (y) n

Inventory:
 Coins    ('$')
  $ - 49 gold pieces
 Weapons  (')')
  m - 8 +0 darts (at the ready)
 Armor    ('[')
  t - an uncursed +0 shield of reflection
 Comestibles  ('%')
  d - 4 uncursed food rations
 Scrolls  ('?')
  i - an uncursed scroll of amnesia
 Rings    ('=')
  o - an uncursed ring of free action
 Wands    ('/')
  s - a wand of sleep (0:6)
 Tools    ('(')
  h - an empty uncursed sack
  r - an uncursed blindfold
  e - a +0 pick-axe (alternate weapon; not wielded)
  B - a cursed stethoscope
  f - a tinning kit (0:85)
 Gems/Stones  ('*')
  g - an uncursed touchstone

ARFwashere the Archeologist's attributes:

Background:
 You were a Field Worker, a level 4 male dwarven Archeologist.
 You were lawful, on a mission for Quetzalcoatl
 who was opposed by Camaxtli (neutral) and Huhetotl (chaotic).
 You were right-handed.
 You were in the Dungeons of Doom, on level 2.
 You entered the dungeon 2263 turns ago.
 You had 89 experience points, 71 more were needed to attain level 5.

Basics:
 You had 0 out of 32 hit points.
 You had all 12 energy points (spell power).
 Your armor class was 10.
 Your wallet contained 49 zorkmids.
 Autopickup was on for '$' plus thrown.

Final Characteristics:
 Your strength was 13 (limit:18/100).
 Your dexterity was 8 (limit:20).
 Your constitution was 13 (limit:20).
 Your intelligence was 16 (limit:16).
 Your wisdom was 16 (limit:16).
 Your charisma was 10 (limit:16).

Final Status:
 You weren't hungry.
 You were unencumbered.
 You were bare handed.
 You were unskilled in bare handed combat.
 You weren't wearing any armor.

Final Attributes:
 You were piously aligned.
 You were level-drain resistant.
 You had automatic searching.
 You had infravision.
 You were a werejackal.
 You were harmed by silver.
 You are dead.

Miscellaneous:
 You didn't encounter any bones levels.
 Total elapsed playing time was 13 minutes and 12 seconds.

Major events:
 Turn
    1: ARFwashere the lawful male dwarven Archeologist entered the dungeon
 1324: attained the rank of Field Worker (level 3)
 2262: was bestowed with Trollsbane by Quetzalcoatl
 2263: killed by a jackal, while praying

You didn't know any spells.

Skills:
 Fighting Skills
   bare handed combat [Unskilled]
   two weapon combat  [Unskilled]
   riding             [Unskilled]
 Weapon Skills
   dagger             [Unskilled]
   knife              [Unskilled]
   pick-axe           [Basic]
   short sword        [Unskilled]
   saber              [Unskilled]
   club               [Unskilled]
   morning star       [Unskilled]
   quarterstaff       [Unskilled]
   sling              [Unskilled]
   dart               [Unskilled]
   boomerang          [Unskilled]
   whip               [Basic]
   unicorn horn       [Unskilled]
 Spellcasting Skills
   attack spells      [Unskilled]
   healing spells     [Unskilled]
   divination spells  [Unskilled]
   matter spells      [Unskilled]

Voluntary challenges:
 Character rerolling was not enabled.
 You never genocided any monsters.
 You never polymorphed an object.
 You used no wishes.
Achievement:
 You attained the rank of Field Worker.

 The Dungeons of Doom: levels 1 to 4
    Level 1:
       Many fountains.
    Level 2: <- You were here.
       An altar to Quetzalcoatl, many fountains, a sink, a grave.
       Final resting place for
          you, killed by a jackal, while praying.
    Level 3:
       An altar, a fountain.
    Level 4:
       A fountain, a grave.


Vanquished creatures:
  a floating eye
  a giant bat
  2 iguanas
  2 acid blobs
  a coyote
  a hobbit
  a large kobold
  4 giant rats
  a gnome zombie
  4 geckos
  7 jackals
  2 kobolds
  a goblin
  a sewer rat
  4 grid bugs
  4 lichens
  a kobold zombie
  9 newts
47 creatures vanquished.

No species were genocided or became extinct.

Game over:
                       ----------
                      /          \
                     /    REST    \
                    /      IN      \
                   /     PEACE      \
                  /                  \
                  |    ARFwashere    |
                  |      49 Au       |
                  |   killed by a    |
                  |      jackal      |
                  |                  |
                  |                  |
                  |       2026       |
                 *|     *  *  *      | *
        _________)/\\_//(\/(/\)/\//\/|_)_______

Goodbye ARFwashere the Archeologist...

You died in The Dungeons of Doom on dungeon level 2 with 591 points,
and 49 pieces of gold, after 2263 moves.
You were level 4 with a maximum of 32 hit points when you died.

